 Dungeon Crawl Stone Soup version 0.27.0-66-gdc8fb28755 (webtiles) character file.

Game seed: 11213663051258045535

13106 ZARRMARR the Fighter (level 11, -1/107 HPs)
             Began as a Minotaur Berserker on Aug 19, 2021.
             Was a High Priest of Trog.
             Slain by a seven-headed hydra (11 damage)
             ... on level 11 of the Dungeon.
             The game lasted 00:52:58 (13556 turns).

ZARRMARR the Fighter (Minotaur Berserker)          Turns: 13556, Time: 00:53:00

Health: -1/107     AC:  4    Str: 23    XL:     11   Next: 71%
Magic:  0/10       EV: 13    Int:  8    God:    Trog [*****.]
Gold:   639        SH: 19    Dex: 14    Spells: 10/10 levels left

rFire    + . .     SeeInvis +   b - +5 demon whip (elec)
rCold    . . .     Faith    .   i - +0 tower shield
rNeg     . . .     Spirit   +   B - +1 robe "Pathuig" {rElec SInv}
rPois    +         Reflect  .   (helmet restricted)
rElec    +         Harm     .   (no cloak)
rCorr    +         Rampage  .   (no gloves)
Will     .....                  e - +0 pair of boots
Stlth    +.........             y - amulet of guardian spirit
HPRegen  0.27/turn              u - ring "Ohiph" {rF+ Dex+2}
MPRegen  0.12/turn              l - ring of Ufomeis {rPois rCorr Int+4}

@: on berserk cooldown, slowed, studying 2 skills, very slow
A: horns 2, retaliatory headbutt
a: Renounce Religion, Berserk, Trog's Hand, Brothers in Arms


You were on level 11 of the Dungeon.
You worshipped Trog.
Trog was extremely pleased with you.
You visited 1 branch of the dungeon, and saw 11 of its levels.

You collected 639 gold pieces.

Inventory:

Hand Weapons
 b - a +5 demon whip of electrocution (weapon)
 K - the +5 shortbow "Doome" {freeze, rN+}
   (You found it on level 9 of the Dungeon)

   Any ammunition fired from it freezes those it strikes, dealing additional
   cold damage.
   It can also slow down cold-blooded creatures.
   rN:        It protects you from negative energy.
Missiles
 h - 7 javelins (quivered)
 v - 5 throwing nets
 A - 7 boomerangs
Armour
 e - a +0 pair of boots (worn)
 i - a +0 tower shield (worn)
 B - the +1 robe "Pathuig" (worn) {rElec SInv}
   (You found it on level 5 of the Dungeon)

   rElec:     It insulates you from electricity.
   SInv:      It lets you see invisible.
 G - a +2 ring mail of fire resistance
 H - +0 steam dragon scales
Jewellery
 l - the ring of Ufomeis (right hand) {rPois rCorr Int+4}
   (You acquired it on level 7 of the Dungeon)

   [ring of poison resistance]

   Int:       It affects your intelligence (+4).
   rPois:     It protects you from poison.
   rCorr:     It protects you from acid and corrosion.
 u - the ring "Ohiph" (left hand) {rF+ Dex+2}
   (You found it on level 7 of the Dungeon)

   [ring of protection from fire]

   Dex:       It affects your dexterity (+2).
   rF:        It protects you from fire.
 y - an amulet of guardian spirit (around neck)
 N - an amulet of magic regeneration
Wands
 a - a wand of polymorph (5)
 m - a wand of iceblast (16)
 n - a wand of flame (43)
 E - a wand of digging (7)
 L - a wand of mindburst (11)
Scrolls
 f - 4 scrolls of enchant armour
 j - 2 scrolls of amnesia
 k - 2 scrolls of fog
 s - 4 scrolls of teleportation
 t - 2 scrolls of vulnerability {unknown}
 w - a scroll of summoning
 x - 2 scrolls of blinking
 F - a scroll of holy word {unknown}
 M - a scroll of noise {unknown}
 O - 2 scrolls of immolation
Potions
 c - a potion of attraction {unknown}
 d - 2 potions of berserk rage {unknown}
 g - 5 potions of haste
 o - a potion of flight {unknown}
 p - 2 potions of brilliance {unknown}
 q - 3 potions of curing
 r - a potion of degeneration {unknown}
 z - a potion of resistance {unknown}
 C - a potion of ambrosia {unknown}
 D - 2 potions of mutation {unknown}
 I - a potion of cancellation {unknown}
 J - 2 potions of heal wounds {unknown}


   Skills:
 + Level 13.5 Fighting
 - Level 12.0 Maces & Flails
 + Level 8.6 Throwing
 + Level 2.8 Armour
 + Level 8.0 Dodging
 + Level 12.7 Shields


You had 10 spell levels left.
You didn't know any spells.
Your spell library contained the following spells:

 Spells                   Type           Power      Damage    Failure   Level
 Corpse Rot               Necr/Air       N/A        N/A       97%         2
 Ensorcelled Hibernation  Hex/Ice        0%         N/A       97%         2
 Slow                     Hex            0%         N/A       97%         2
 Call Canine Familiar     Summ           0%         N/A       99%         3
 Confusing Touch          Hex            0%         N/A       99%         3
 Portal Projectile        Hex/Tloc       0%         N/A       99%         3
 Vampiric Draining        Necr           0%         2d6       99%         3
 Dispel Undead            Necr           0%         3d6       100%        4
 Leda's Liquefaction      Hex/Erth       0%         N/A       100%        4
 Blade Hands              Tmut           0%         N/A       100%        5
 Death Channel            Necr           0%         N/A       100%        6
 Statue Form              Tmut/Erth      0%         N/A       100%        6
 Fire Storm               Conj/Fire      0%         5d1       100%        9


Dungeon Overview and Level Annotations

Branches:
Dungeon (11/15)            Temple (0/1) D:4            Lair (0/6) D:10
    Orc: D:9-12

Altars:
Ashenzari
Cheibriados
Nemelex Xobeh
Sif Muna
Trog
Yredelemnul
Zin

Shops:
D:4 :(((


Innate Abilities, Weirdness & Mutations

You have a pair of horns on your head.
You reflexively headbutt those who attack you in melee.


Message History

Trog accepts your kill.
Trog will now gift you melee weapons as you gain piety.
Your Dodging skill increases to level 8!
Things that are here:
a +0 giant club; a +0 giant spiked club; a two-headed ogre corpse You hear the beating of a very distant drum.
A seven-headed hydra comes into view.
The seven-headed hydra roars!
You thrash the seven-headed hydra!! You headbutt the seven-headed hydra.
The seven-headed hydra is moderately wounded.
You block the seven-headed hydra's attack.
The seven-headed hydra bites you. The seven-headed hydra bites you!
The seven-headed hydra barely misses you.
The seven-headed hydra bites you! x2
You block the seven-headed hydra's attack. x2
The seven-headed hydra bites you!
The seven-headed hydra bites you but does no damage.
The seven-headed hydra bites you! The seven-headed hydra bites you.
* * * LOW HITPOINT WARNING * * *
The seven-headed hydra bites you.
* * * LOW HITPOINT WARNING * * *
You block the seven-headed hydra's attack.
As you read the scroll of summoning, it crumbles to dust.
Wisps of shadow whirl around you...
You block the seven-headed hydra's attack.
The seven-headed hydra bites you!
* * * LOW HITPOINT WARNING * * *
You block the seven-headed hydra's attack.
The seven-headed hydra bites you.
* * * LOW HITPOINT WARNING * * *
You block the seven-headed hydra's attack. x2
The seven-headed hydra bites you but does no damage.
You swap places.
You block the seven-headed hydra's attack. x2
The seven-headed hydra misses you.
You block the seven-headed hydra's attack.
The seven-headed hydra bites you.
* * * LOW HITPOINT WARNING * * *
The seven-headed hydra bites you!
You die...

............# ....
............##....
###...........#####
#.............W..
#.............W..
+..........p.W...
#........c..#####
.........WD.#
.....####@.C# .....
#........ ..#
.........
...#......
....#......
#....#......
#....#....## #....#
...#


You could see a seven-headed hydra (ally target), a friendly death knight
(summoned), a friendly cyclops (summoned), a friendly phantasmal warrior
(summoned), a friendly freezing wraith (summoned), a friendly wraith (summoned),
a friendly shadow (summoned) and a friendly centaur (summoned).

Vanquished Creatures
  Harold (D:7)
  A boulder beetle (D:11)
  2 two-headed ogres
  The ghost of fiver49 the Thaumaturge, a novice DjCj of Zin (D:6)
  An orc knight (D:10)
  An ugly thing (D:10)
  A manticore (D:11)
  Joseph (D:8)
  A hornet (D:8)
  Prince Ribbit (D:7)
  A shadow (D:10)
  Eustachio (D:6)
  12 yaks
  A steam dragon (D:8)
  2 wyverns
  2 wraiths
  2 acid dragons
  Duvessa (D:4)
  5 orc warriors
  3 ice beasts
  4 sky beasts
  2 ogres
  A necrophage (D:5)
  4 centaurs
  9 kobold brigands
  3 bullfrogs
  A wyvern zombie (D:8)
  Dowan (D:4)
  A gnoll sergeant (D:8)
  A water moccasin zombie (D:5)
  A scorpion (D:6)
  2 water moccasin skeletons
  15 killer bees
  A howler monkey (D:7)
  2 centaur zombies
  3 hounds
  4 jellies
  4 orc priests
  An iguana (D:4)
  Terence (D:2)
  8 orc wizards
  7 gnolls
  8 adders
  A worm (D:2)
  A dart slug (D:4)
  37 orcs
  3 ball pythons
  7 bats
  8 endoplasms
  2 giant cockroaches (D:1)
  6 goblins
  3 hobgoblins
  2 jackals (D:3)
  17 kobolds
  2 quokkas
  2 frilled lizards
  4 rats
220 creatures vanquished.

Vanquished Creatures (collateral kills)
  The ghost of nicksoapdish the Frost Mage, a journeyman DsIE of Qazlal (D:10)
1 creature vanquished.

Vanquished Creatures (others)
  A ball python (D:3)
1 creature vanquished.

Grand Total: 222 creatures vanquished

Notes
Turn   | Place    | Note
-------+----------+-------------------------------------------
     0 | D:1      | ZARRMARR the Minotaur Berserker began the quest for the
                  | Orb.
     0 | D:1      | Reached XP level 1. HP: 19/19 MP: 0/0
   234 | D:1      | Found a faded altar of an unknown god.
   252 | D:1      | Reached XP level 2. HP: 23/27 MP: 1/1
   409 | D:1      | Reached skill level 4 in Fighting
   613 | D:2      | Reached XP level 3. HP: 31/33 MP: 2/2
   674 | D:2      | Reached XP level 4. HP: 18/41 MP: 3/3
   894 | D:2      | Reached skill level 5 in Maces & Flails
   931 | D:2      | Found a sparkling altar of Nemelex Xobeh.
   935 | D:2      | Reached ** piety under Trog
  1234 | D:2      | Noticed Terence
  1243 | D:2      | Killed Terence
  1876 | D:3      | Reached skill level 1 in Throwing
  1930 | D:3      | Reached XP level 5. HP: 47/47 MP: 4/4
  2280 | D:3      | Found a broken altar of Ashenzari.
  2796 | D:4      | Noticed Duvessa
  2797 | D:4      | Found a bloodstained altar of Trog.
  2808 | D:4      | Killed Duvessa
  2809 | D:4      | Reached XP level 6. HP: 55/55 MP: 5/5
  2812 | D:4      | Noticed Dowan
  2823 | D:4      | Killed Dowan
  2824 | D:4      | Reached skill level 5 in Fighting
  3083 | D:4      | Found a shimmering blue altar of Sif Muna.
  3089 | D:4      | Got Sif Muna's Guide on Enchantment
  3098 | D:4      | Found Itusuops's Weapon Shop.
  3103 | D:4      | Found Xonexum's Book Shop.
  3715 | D:4      | Found Xuusat Fime's Antique Weapon Shop.
  3793 | D:4      | Found a staircase to the Ecumenical Temple.
  3844 | D:4      | Found Miheor's Weapon Shoppe.
  4064 | D:5      | Entered Level 5 of the Dungeon
  4356 | D:6      | Reached XP level 7. HP: 53/61 MP: 2/6
  4753 | D:5      | Reached *** piety under Trog
  4809 | D:5      | Identified the +1 cloak "Dyazin" {Rampage rElec Will-}
  4993 | D:5      | Reached skill level 6 in Fighting
  5030 | D:5      | Identified the +1 robe "Pathuig" {rElec SInv}
  5089 | D:5      | Identified 2 scrolls of acquirement
  5091 | D:5      | Acquired a manual of Fighting
  5093 | D:5      | Acquired a +2 demon whip of electrocution
  5171 | D:6      | Reached XP level 8. HP: 70/70 MP: 7/7
  5530 | D:6      | Found a runed translucent gate.
  5531 | D:6      | Found a runed translucent gate.
  5532 | D:6      | Found a runed translucent gate.
  5534 | D:6      | Noticed fiver49's ghost (novice DjCj)
  5551 | D:6      | Reached skill level 7 in Fighting
  5807 | D:6      | Noticed Eustachio
  5820 | D:6      | Killed Eustachio
  5821 | D:6      | Reached skill level 5 in Dodging
  5821 | D:6      | Reached skill level 1 in Shields
  5846 | D:6      | Got the Incunabulum of Hurtful Moulding
  6607 | D:6      | Killed fiver49's ghost
  6608 | D:6      | Reached skill level 8 in Fighting
  6608 | D:6      | Reached skill level 5 in Throwing
  6608 | D:6      | Reached XP level 9. HP: 82/82 MP: 8/8
  6612 | D:6      | Reached skill level 10 in Maces & Flails
  7664 | D:7      | Reached skill level 9 in Fighting
  8162 | D:7      | Noticed Prince Ribbit
  8167 | D:7      | Killed Prince Ribbit
  8167 | D:7      | Reached **** piety under Trog
  8423 | D:7      | Found a snail-covered altar of Cheibriados.
  8843 | D:7      | Identified the ring "Ohiph" {rF+ Dex+2}
  8920 | D:7      | Acquired a manual of Shields
  8922 | D:7      | Acquired the ring of Ufomeis {rPois rCorr Int+4}
  9007 | D:7      | Noticed Harold
  9018 | D:7      | Killed Harold
  9019 | D:7      | Reached skill level 10 in Fighting
  9019 | D:7      | Reached skill level 5 in Shields
  9019 | D:7      | Reached XP level 10. HP: 93/93 MP: 7/9
  9686 | D:8      | Noticed Joseph
  9696 | D:8      | Killed Joseph
 10395 | D:8      | Noticed a two-headed ogre
 10401 | D:8      | Killed a two-headed ogre
 10402 | D:8      | Reached skill level 11 in Fighting
 11457 | D:9      | Reached XP level 11. HP: 104/104 MP: 10/10
 11459 | D:9      | Reached skill level 10 in Shields
 11587 | D:9      | Found a glowing silver altar of Zin.
 11812 | D:9      | Identified the +5 shortbow "Doome" {freeze, rN+}
 11939 | D:9      | Found a basalt altar of Yredelemnul.
 12090 | D:10     | Entered Level 10 of the Dungeon
 12107 | D:10     | Reached skill level 12 in Fighting
 12237 | D:10     | Noticed a red ugly thing
 12254 | D:10     | Killed a red ugly thing
 12254 | D:10     | Reached ***** piety under Trog
 12828 | D:10     | Found a staircase to the Lair.
 12901 | D:10     | Found a runed translucent door.
 12904 | D:10     | Noticed nicksoapdish's ghost (journeyman DsIE)
 12904 | D:10     | Noticed an orc knight
 13196 | D:10     | Killed an orc knight
 13210 | D:10     | Killed nicksoapdish's ghost
 13211 | D:10     | Reached skill level 13 in Fighting
 13292 | D:10     | Upgraded the game from 0.27.0-65-ge2af304b15 to
                  | 0.27.0-66-gdc8fb28755
 13511 | D:11     | Noticed a boulder beetle
 13530 | D:11     | Killed a boulder beetle
 13539 | D:11     | Noticed a two-headed ogre
 13544 | D:11     | Killed a two-headed ogre
 13552 | D:11     | Noticed a seven-headed hydra
 13556 | D:11     | Slain by a seven-headed hydra

Illustrated notes

Levels and vault maps discovered:
D:1:      zelgadis_glass_arrival_small, layout_rooms,
          hellmonk_ecumenical_altar_slurped_away
D:2:      layout_basic, basic_altar, minmay_tromino_v7, uniq_terence
D:3:      layout_rooms, mainiacjoe_overflow_surrounded_room,
          grunt_decor_arrowhead, glass_columns_b, minmay_misc_feat_four_crosses,
          lemuel_old_faithful
D:4:      layout_basic, nzn_overflow_gifts_of_might_and_magic,
          minmay_temple_entry_gardened_gates, serial_shops, shop,
          nicolae_stop_n_shop_1, shop, shop, minmay_misc_feat_rugged,
          hangedman_abyss_or_decor_lesser_grid
D:5:      layout_rooms
D:6:      layout_basic, gammafunk_ghost_nasty_kobolds, uniq_eustachio
D:7:      layout_rooms, mainiacjoe_overflow_alcove_2, hangedman_decor_opposing,
          kennysheep_generic_room_9, uniq_harold, uniq_prince_ribbit1
D:8:      layout_loops_corners, eino_jars, uniq_joseph
D:9:      layout_basic, mainiacjoe_overflow_paths, old_standard_altar,
          fungi_pond_lemuel
D:10:     layout_long_grid, lair_entry_dummy, ebering_ghost_inner_flame,
          kennysheep_generic_room_3
D:11:     layout_basic, gauntlet_entry_generic

Skill      XL: |  1  2  3  4  5  6  7  8  9 10 11 |
---------------+----------------------------------+-----
Maces & Flails | 4 5 6 7 8 9 11 12 | 12.0
Fighting       | 4 5 6 8 10 11 13 | 13.5
Throwing       | 1 2 3 5 6 7 8 |  8.6
Dodging        | 3 4 5 6 7 8 |  8.0
Shields        | 2 5 9 12 | 12.7
Armour         | |  2.8

Action                   |  1- 3 |  4- 6 |  7- 9 | 10-12 || total
-------------------------+-------+-------+-------+-------++-------
Melee: Mace              |    41 |    61 |       |       ||   102
       Headbutt          |     4 |    15 |    21 |    30 ||    70
       Flail             |       |    30 |    19 |       ||    49
       Unarmed           |       |     4 |       |       ||     4
       Demon whip        |       |       |   115 |   175 ||   290
Throw: Javelin           |       |    24 |    54 |    26 ||   104
Invok: Berserk           |     1 |     6 |    12 |    13 ||    32
       Brothers in Arms  |       |       |       |     1 ||     1
  Use: Scroll            |     2 |     1 |    10 |     3 ||    16
       Potion            |       |     2 |     1 |       ||     3
 Stab: Sleeping          |       |       |       |     1 ||     1
Armor: Animal skin       |    11 |    21 |       |       ||    32
       Robe              |       |       |     6 |    17 ||    23
Dodge: Dodged            |    28 |    67 |    35 |    28 ||   158
Block: Tower shield      |       |       |    59 |   124 ||   183
